 Dungeon Crawl Stone Soup version 0.27.1 (webtiles) character file.

Game seed: 771993384685716201

1244 Thatpatchoflichen the Chiller (level 8, -2/68 HPs)
             Began as a Grey Draconian Ice Elementalist on Aug 28, 2021.
             Slain by a yak (10 damage)
             ... on level 5 of the Dungeon.
             The game lasted 00:21:25 (5160 turns).

Thatpatchoflichen the Chiller (DrIE)                Turns: 5160, Time: 00:21:26

Health: -2/68      AC: 18    Str: 11    XL:     8   Next: 25%
Magic:  4/14       EV: 13    Int: 17    God:
Gold:   163        SH:  0    Dex: 12    Spells: 6/15 levels left

rFire    . . .     SeeInvis .   y - +0 spear
rCold    . . .     Faith    .   (no shield)
rNeg     . . .     Spirit   .   (armour unavailable)
rPois    +         Reflect  .   (helmet restricted)
rElec    .         Harm     .   (no cloak)
rCorr    .         Rampage  .   h - +0 pair of gloves
Will     .....                  (no boots)
Stlth    ++........             l - amulet of regeneration
HPRegen  1.21/turn              f - ring of poison resistance
MPRegen  0.14/turn              (no ring)

@: ice-armoured, wereblooded
A: AC +11, amphibious, unfitting armour, cold-blooded
a: no special abilities


You were on level 5 of the Dungeon.
You visited 1 branch of the dungeon, and saw 6 of its levels.

You collected 163 gold pieces.

Inventory:

Hand Weapons
 g - a +3 hunting sling
 y - a +0 spear (weapon)
Missiles
 b - 108 stones
 i - 10 poisoned darts
 j - 3 boomerangs
 o - 24 arrows
 t - 32 sling bullets
Armour
 h - a +0 pair of gloves (worn)
Jewellery
 f - a ring of poison resistance (left hand)
 l - an amulet of regeneration (around neck)
Wands
 u - a wand of digging (7)
 v - a wand of polymorph (12)
Scrolls
 c - 7 scrolls of identify {unknown}
 e - a scroll of enchant weapon {unknown}
 m - a scroll of fear {unknown}
 n - a scroll of magic mapping {unknown}
 q - a scroll of brand weapon {unknown}
 r - a scroll of silence {unknown}
 s - a scroll of amnesia {unknown}
 x - 3 scrolls of blinking {unknown}
Potions
 a - 2 potions of resistance {unknown}
 d - a potion of haste {unknown}
 k - 2 potions of curing {unknown}
 p - a potion of degeneration {unknown}
 w - a potion of berserk rage {unknown}


   Skills:
 + Level 5.2 Fighting
 - Level 4.0 Dodging
 - Level 1.7 Stealth
 - Level 4.0 Spellcasting
 + Level 1.0 Conjurations
 + Level 4.2 Transmutations
 + Level 6.1 Ice Magic


You had 6 spell levels left.
You knew the following spells:

 Your Spells              Type           Power      Damage    Failure   Level
a - Freeze                Ice            96%        1d11      1%          1
b - Frozen Ramparts       Ice            48%        1d6       3%          3
c - Ozocubu's Armour      Ice            24%        N/A       3%          3
d - Wereblood             Tmut           17%        N/A       4%          2

Your spell library contained the following spells:

 Spells                   Type           Power      Damage    Failure   Level
 Sublimation of Blood     Necr           1%         N/A       24%         2
 Hailstorm                Conj/Ice       15%        3d5       34%         4
 Summon Hydra             Summ           1%         N/A       100%        7


Dungeon Overview and Level Annotations

Branches:
Dungeon (6/15)
 Temple: D:4-7

Altars:
Hepliaklqana
Kikubaaqudgha
Zin

Shops:
D:1 *


Innate Abilities, Weirdness & Mutations

Your dull iron-grey scales are very hard. (AC +11)
You are amphibious.
You cannot fit into any form of body armour.
You are cold-blooded and may be slowed by cold attacks.


Message History

[Y]es or [N]o only, please.
Really attack while wielding your +3 hunting sling? [Y]es or [N]o only, please.
Really attack while wielding your +3 hunting sling? [Y]es or [N]o only, please.
Really attack while wielding your +3 hunting sling? [Y]es or [N]o only, please.
Really attack while wielding your +3 hunting sling?
Okay, then.
y - a +0 spear (weapon)
The wall freezes the yak.
The yak gores you!
You hit the yak.
You tail-slap the yak, but do no damage.
The yak is heavily wounded.
The wall freezes the yak.
The yak closely misses you.
The wall freezes the yak.
The yak gores you!
The wall freezes the yak.
The yak completely misses you.
You hit the yak.
The yak is severely wounded.
The wall freezes the yak.
The yak gores you!
* * * LOW HITPOINT WARNING * * *
The wall freezes the yak.
The yak gores you but does no damage.
The wall freezes the yak.
The yak barely misses you.
The wall freezes the yak.
The yak gores you!
* * * LOW HITPOINT WARNING * * *
The wall freezes the yak!
You feel a bit better.
You kill the yak!
Your Conjurations skill increases to level 1!
You completely miss the yak.
The yak is severely wounded.
The wall freezes the yak.
The yak closely misses you.
The wall freezes the yak.
The yak gores you but does no damage.
You hit the yak but do no damage.
The yak is severely wounded.
The frozen ramparts melt away.
The yak gores you.
* * * LOW HITPOINT WARNING * * *
The yak gores you but does no damage.
You closely miss the yak.
The yak is severely wounded.
The yak barely misses you. The yak gores you!
You die...

#.# #.#
###############.#
#................
#.#############.#
#.# #.# #.# #.#
##Y## #.#
##@..### #.#
#Y#....#
#######.#
##.#.#.#
#.......# ##.##.#
#.####### ####.#
#.# ### #.# #.#
#.. #.# #.# #.#
#)# #.#####.# #.#
#........


You could see 2 yaks.

Vanquished Creatures
  2 yaks (D:5)
  An ice beast (D:5)
  A black bear (D:4)
  A phantom (D:5)
  A centaur (D:6)
  A bullfrog (D:4)
  A gnoll sergeant (D:4)
  A water moccasin zombie (D:5)
  A water moccasin skeleton (D:5)
  A bullfrog zombie (D:5)
  2 hounds (D:5)
  A jelly (D:4)
  3 iguanas
  A scorpion zombie (D:5)
  Robin (D:4)
  3 gnolls (D:4)
  A howler monkey skeleton (D:6)
  6 adders
  An adder skeleton (D:2)
  3 dart slugs
  3 orcs
  8 ball pythons
  3 endoplasms
  4 giant cockroaches
  12 goblins
  4 hobgoblins
  3 jackals (D:3)
  4 quokkas
  4 bats
  5 frilled lizards
  3 kobolds
  2 rats
88 creatures vanquished.

Notes
Turn   | Place    | Note
-------+----------+-------------------------------------------
     0 | D:1      | Thatpatchoflichen the Draconian Ice Elementalist began the
                  | quest for the Orb.
     0 | D:1      | Reached XP level 1. HP: 14/14 MP: 3/3
    17 | D:1      | Found Goxzif's Assorted Antiques.
   226 | D:1      | Reached XP level 2. HP: 20/20 MP: 3/5
   537 | D:1      | Found a faded altar of an unknown god.
   927 | D:2      | Found a glowing silver altar of Zin.
  1086 | D:2      | Reached XP level 3. HP: 26/26 MP: 3/6
  1124 | D:2      | Reached skill level 5 in Ice Magic
  1213 | D:2      | You fall into a shaft and drop 1 floor!
  1936 | D:3      | Found an ancient bone altar of Kikubaaqudgha.
  1967 | D:3      | Learned a level 3 spell: Frozen Ramparts
  2039 | D:3      | Reached XP level 4. HP: 22/33 MP: 7/7
  2140 | D:3      | Learned a level 3 spell: Ozocubu's Armour
  2513 | D:4      | Noticed a gnoll sergeant
  2586 | D:4      | You fall into a shaft and drop 1 floor!
  2586 | D:5      | Entered Level 5 of the Dungeon
  2729 | D:5      | Reached skill level 1 in Fighting
  2729 | D:5      | Reached XP level 5. HP: 40/40 MP: 6/9
  2902 | D:5      | Noticed a phantom
  2968 | D:5      | Killed a phantom
  2969 | D:5      | Reached XP level 6. HP: 27/48 MP: 1/11
  3346 | D:5      | Reached skill level 6 in Ice Magic
  3542 | D:4      | Found a hazy altar of Hepliaklqana.
  3548 | D:4      | Noticed Robin
  3568 | D:4      | Killed Robin
  3730 | D:4      | Learned a level 2 spell: Wereblood
  3767 | D:4      | Your scales start taking on a dull iron-grey colour.
  3767 | D:4      | Reached XP level 7. HP: 57/57 MP: 9/13
  3784 | D:4      | Reached skill level 1 in Transmutations
  4847 | D:6      | Noticed a yak
  4847 | D:6      | Noticed a yak
  4847 | D:6      | Noticed a yak
  4847 | D:6      | Noticed a yak
  4847 | D:6      | Noticed a yak
  4847 | D:6      | Noticed a yak
  5147 | D:5      | Killed a yak
  5148 | D:5      | Reached skill level 5 in Fighting
  5148 | D:5      | Reached XP level 8. HP: 68/68 MP: 10/14
  5158 | D:5      | Reached skill level 1 in Conjurations
  5160 | D:5      | Slain by a yak

Illustrated notes

Levels and vault maps discovered:
D:1:      pf_arrival_petrified_forest, layout_rooms, serial_shops, shop,
          dreamdust_ecumenical_altar_angels_and_demons
D:2:      layout_basic, basic_altar, chequers_serial_rivers_micro_a
D:3:      layout_loops_ring, mainiacjoe_overflow_alcove_4
D:4:      layout_loops_ring, mainiacjoe_overflow_tiny_flanked, uniq_robin
D:5:      layout_loops_ring
D:6:      layout_cave_pools, minmay_temple_entry_hall, serial_park_tiny_1,
          nrook_mini_backslash, uniq_eustachio

Skill      XL: |  1  2  3  4  5  6  7  8 |
---------------+-------------------------+-----
Ice Magic      | 5 6 |  6.1
Dodging        | 2 3 4 |  4.0
Spellcasting   | 3 4 |  4.0
Fighting       | 1 2 3 5 |  5.2
Transmutations | 4 |  4.2
Conjurations   | 1 |  1.0
Stealth        | |  1.7

Action                   |  1- 3 |  4- 6 |  7- 9 || total
-------------------------+-------+-------+-------++-------
Melee: Unarmed           |    91 |   261 |   191 ||   543
       Tailslap          |    10 |    40 |    31 ||    81
       Spear             |       |       |     5 ||     5
 Fire: Hunting sling     |       |       |     8 ||     8
 Cast: Freeze            |    54 |    30 |    12 ||    96
       Ozocubu's Armour  |       |     9 |     4 ||    13
       Frozen Ramparts   |       |     7 |     4 ||    11
       Wereblood         |       |       |     2 ||     2
 Stab: Sleeping          |       |       |     1 ||     1
Armor: Skin              |    51 |   126 |    90 ||   267
Dodge: Dodged            |    81 |   178 |   138 ||   397
